 Dungeon Crawl Stone Soup version 0.27.1-2-g3b301248ec (webtiles) character file.

Game seed: 15097544708417206247

553 H0rd4k the Insei (level 7, 0/43 HPs)
             Began as an Octopode Transmuter on Sept 27, 2021.
             Succumbed to an orc wizard's poison
             ... on level 6 of the Dungeon.
             The game lasted 00:06:00 (4356 turns).

H0rd4k the Insei (Octopode Transmuter)              Turns: 4356, Time: 00:06:02

Health: 0/43       AC:  5    Str:  9    XL:     7   Next: 29%
Magic:  19/20      EV: 17    Int: 17    God:
Gold:   99         SH:  0    Dex: 13    Spells: 8/12 levels left

rFire    . . .     SeeInvis .     - Unarmed
rCold    . . .     Faith    .   (no shield)
rNeg     . . .     Spirit   .   (helmet restricted)
rPois    .         Reflect  .   (no amulet)
rElec    .         Harm     .   m - +4 ring of evasion
rCorr    +         Rampage  .   d - ring of magical power
Will     .....                  j - +4 ring of protection
Stlth    ++........             u - ring of resist corrosion
HPRegen  0.14/turn              (no ring)
MPRegen  0.17/turn              (no ring)
                                (no ring)
                                (no ring)

@: confused, brilliant, lethally poisoned (0 -> -3)
A: almost no armour, amphibious, 8 rings, camouflage 1, gelatinous body 1,
(nimble swimmer 1), tentacles
a: no special abilities


You were on level 6 of the Dungeon.
You visited 1 branch of the dungeon, and saw 6 of its levels.

You collected 234 gold pieces.
You spent 135 gold pieces at shops.

Inventory:

Missiles
 s - 13 poisoned darts
Magical Staves
 k - a staff of cold
Jewellery
 d - a ring of magical power (right tentacle)
 j - a +4 ring of protection (on tentacle)
 m - a +4 ring of evasion (left tentacle)
 u - a ring of resist corrosion (on tentacle)
 z - a ring of ice
Scrolls
 a - 4 scrolls of teleportation
 b - a scroll of amnesia {unknown}
 e - 6 scrolls of immolation {unknown}
 g - 2 scrolls of enchant weapon {unknown}
 h - a scroll of fog {unknown}
 i - 7 scrolls of identify
 l - a scroll of magic mapping {unknown}
 o - a scroll of enchant armour {unknown}
 t - a scroll of vulnerability {unknown}
 x - a scroll of blinking
 y - a scroll of silence {unknown}
 A - a scroll of summoning {unknown}
Potions
 c - 2 potions of cancellation
 f - 2 potions of curing {unknown}
 n - a potion of brilliance
 p - a potion of flight {unknown}
 q - a potion of magic {unknown}
 r - a potion of attraction {unknown}
 v - a potion of ambrosia {unknown}
 w - a potion of heal wounds {unknown}


   Skills:
 + Level 1.1 Fighting
 + Level 2.8 Dodging
 + Level 4.2 Stealth
 + Level 5.1 Unarmed Combat
 * Level 3.1 Spellcasting
 * Level 3.2 Transmutations
 * Level 3.3 Poison Magic


You had 8 spell levels left.
You knew the following spells:

 Your Spells              Type           Power      Damage    Failure   Level
a - Beastly Appendage     Tmut           40%        N/A       4%          1
b - Spider Form           Tmut/Pois      10%        N/A       13%         3

Your spell library contained the following spells:

 Spells                   Type           Power      Damage    Failure   Level
 Wereblood                Tmut           20%        N/A       7%          2
 Magic Dart               Conj           16%        1d3       17%         1
 Stone Arrow              Conj/Erth      8%         3d7       45%         3
 Ice Form                 Ice/Tmut       12%        N/A       65%         4
 Bolt of Magma            Conj/Fire/Erth 2%         4d4       99%         5
 Shatter                  Erth           2%         3d6*      100%        9


Dungeon Overview and Level Annotations

Branches:
Dungeon (6/15)
 Temple: D:4-7

Altars:
Fedhas
Kikubaaqudgha
Makhleb
Nemelex Xobeh
Qazlal
Uskayaw
Xom

Shops:
D:4 ?   D:6 *

Annotations:
D:2 exclusion: downstairs
D:5 exclusion: water moccasin
D:6 exclusion: upstairs


Innate Abilities, Weirdness & Mutations

You cannot wear most types of armour.
You are amphibious.
You can wear up to eight rings at the same time.
Your skin changes colour to match your surroundings (Stealth+).
Your rubbery body absorbs attacks. (AC +1, EV +1)
((You are camouflaged near water. (Stealth+)))
You have tentacles for arms and can constrict up to eight enemies at once.


Message History

The orc wizard gestures at you while chanting.
The magic dart hits you. The orc warrior closely misses you.
You hit the orc wizard.
The orc wizard is heavily wounded.
The orc wizard completely misses you.
The orc warrior hits you with a +0 war axe!
You barely miss the orc wizard.
The orc wizard is severely wounded.
The orc wizard gestures wildly while chanting.
The orc wizard flickers and vanishes!
Deactivating autopickup; reactivate with Ctrl-A.
The orc wizard misses you.
The orc warrior hits you with a +0 war axe!
You bite the orc wizard!
You kill the orc wizard!
Something closely misses you. The orc warrior barely misses you.
Things that are here:
a +0 dagger; a +0 robe The orc priest barely misses you.
Something hits you but does no damage.
You are poisoned.
You feel very sick.
Your transformation has ended.
You feel very sick.
You feel sick.
The orc priest calls down the wrath of Beogh upon you.
Pain shoots through your body!
* * * LOW HITPOINT WARNING * * *
* * * LOW HITPOINT WARNING * * *
You feel sick. Something barely misses you.
The orc priest completely misses you.
* * * LOW HITPOINT WARNING * * *
You feel sick.
It was a potion of cancellation.
You feel magically purged.
* * * LOW HITPOINT WARNING * * *
You feel sick.
You hear some strange, mumbled words.
You are confused.
It was a potion of brilliance.
You feel clever all of a sudden.
You die...

# ##. . ##.. . ..# .
..# #... #.# #...#
#.# ##...o #@######
......# #.#....#
.....o.## #o..####
..........# ###.###
..........####...)##
....#......##..##..#
...#..........####.##
...#.....#...##
##.### .......^.#..##
#...#


You could see an orc priest.

Vanquished Creatures
  A black bear (D:5)
  An ogre (D:4)
  Blork the orc (D:6)
  A wyvern skeleton (D:4)
  A centaur zombie (D:5)
  A gnoll shaman (D:4)
  2 iguanas
  3 orc wizards
  An adder (D:5)
  8 orcs
  A ball python (D:2)
  2 bats
  8 endoplasms
  7 goblins
  A hobgoblin (D:2)
  3 quokkas
  4 frilled lizards
  4 kobolds
  3 rats (D:1)
53 creatures vanquished.

Vanquished Creatures (others)
  8 plants (D:5)
8 creatures vanquished.

Grand Total: 61 creatures vanquished

Notes
Turn   | Place    | Note
-------+----------+-------------------------------------------
     0 | D:1      | H0rd4k the Octopode Transmuter began the quest for the Orb.
     0 | D:1      | Reached XP level 1. HP: 13/13 MP: 3/3
   392 | D:1      | Reached XP level 2. HP: 18/18 MP: 5/5
   945 | D:2      | Found an ancient bone altar of Kikubaaqudgha.
  1364 | D:3      | Reached XP level 3. HP: 20/23 MP: 6/6
  1368 | D:3      | Learned a level 3 spell: Spider Form
  1575 | D:3      | Found a faded altar of an unknown god.
  1584 | D:3      | Got Plato's Disquisition on Conjuration
  1873 | D:4      | Found Kiod's Magic Scroll Boutique.
  1874 | D:4      | Noticed a phantom
  1887 | D:4      | Found a stormy altar of Qazlal.
  1988 | D:4      | Reached skill level 1 in Stealth
  1990 | D:4      | Reached XP level 4. HP: 23/28 MP: 7/7
  2024 | D:4      | HP: 1/28 [gnoll shaman (6)]
  2334 | D:4      | Reached skill level 1 in Poison Magic
  2502 | D:4      | Found a burning altar of Makhleb.
  2503 | D:4      | Noticed an ogre
  2836 | D:4      | Reached skill level 4 in Unarmed Combat
  2844 | D:4      | Reached XP level 5. HP: 29/33 MP: 8/8
  3013 | D:4      | Found a shimmering altar of Xom.
  3013 | D:4      | Found a blossoming altar of Fedhas.
  3035 | D:4      | Killed an ogre
  3522 | D:4      | Reached XP level 6. HP: 32/38 MP: 10/10
  3589 | D:4      | Found a sparkling altar of Nemelex Xobeh.
  3656 | D:4      | Bought 3 scrolls of identify for 60 gold pieces
  3656 | D:4      | Bought a scroll of blinking for 75 gold pieces
  3666 | D:5      | Entered Level 5 of the Dungeon
  3695 | D:5      | Noticed a water moccasin
  3939 | D:5      | Found a hide-covered altar of Uskayaw.
  4110 | D:5      | Noticed a black bear
  4125 | D:5      | Killed a black bear
  4126 | D:5      | Reached XP level 7. HP: 38/43 MP: 11/11
  4165 | D:6      | Found Beddupho's Mayhem Merchandise.
  4168 | D:6      | Noticed Blork the orc
  4184 | D:6      | Killed Blork the orc
  4185 | D:6      | Reached skill level 5 in Unarmed Combat
  4354 | D:6      | HP: 2/43 [poisoned by an orc wizard]
  4356 | D:6      | Succumbed to an orc wizard's poison

Illustrated notes

Levels and vault maps discovered:
D:1:      lemuel_arrival_river_ford, layout_basic
D:2:      layout_basic, basic_altar, minmay_misc_feat_columns, chequers_garden,
          kennysheep_generic_room_10
D:3:      layout_basic, shapermc_ecumenical_altar_rom_forum, serial_glass,
          glass_columns_b, glass_columns_a, glass_columns_b
D:4:      layout_basic, lemuel_doored_altar,
          gammafunk_temple_overflow_forgotten, kennysheep_little_box,
          serial_shops, shop, kennysheep_generic_room_5
D:5:      layout_basic, nicolae_uskayaw_murder_on_the_dancefloor,
          minmay_temple_entry_gardened_gates
D:6:      layout_layer_cave, minmay_shop_mayhem, uniq_blork_the_orc,
          uniq_grinder, uniq_edmund

Skill      XL: |  1  2  3  4  5  6  7 |
---------------+----------------------+-----
Stealth        | 1 2 3 4 |  4.2
Poison Magic   | 2 3 |  3.3
Unarmed Combat | 4 5 |  5.1
Transmutations | 3 |  3.2
Spellcasting   | 3 |  3.1
Fighting       | |  1.1
Dodging        | |  2.8

Action                   |  1- 3 |  4- 6 |  7- 9 || total
-------------------------+-------+-------+-------++-------
Melee: Unarmed           |    72 |    91 |    14 ||   177
       Constrict         |    15 |     3 |       ||    18
       Tentacles         |     8 |     6 |       ||    14
       Punch             |       |     1 |       ||     1
 Cast: Spider Form       |     1 |    11 |     2 ||    14
       Beastly Appendage |       |     1 |       ||     1
  Use: Scroll            |       |     1 |       ||     1
       Potion            |       |       |     2 ||     2
 Stab: Sleeping          |    10 |     6 |       ||    16
Armor: Skin              |     5 |    15 |     1 ||    21
Dodge: Dodged            |    39 |    80 |    12 ||   131
